 Dungeon Crawl Stone Soup version 0.28.0-62-gf88900778d (webtiles) character file.

Game seed: 12559077111371543239

7542 cbfl8 the Cleaver (level 10, 0/94 HPs)
             Began as a Minotaur Berserker on May 22, 2023.
             Was an Elder of Trog.
             Slain by a 12-headed hydra (1 damage)
             ... on level 8 of the Dungeon.
             The game lasted 00:07:53 (9353 turns).

cbfl8 the Cleaver (Minotaur Berserker)              Turns: 9353, Time: 00:07:55

Health: 0/94       AC: 15    Str: 22    XL:     10   Next: 96%
Magic:  9/9        EV:  9    Int:  4    God:    Trog [****..]
Gold:   372        SH:  5    Dex: 14    Spells: 9/9 levels left

rFire   + . .      SeeInvis .   q - +0 war axe
rCold   x . .      Faith    .   g - +0 buckler
rNeg    . . .      Spirit   .   u - +0 chain mail
rPois   .          Reflect  .   (helmet restricted)
rElec   .          Harm     .   i - +0 cloak
rCorr   +          Rampage  .   y - +0 pair of gloves
Will    .....                   w - +0 pair of boots
Stlth   ..........              (no amulet)
HPRegen 0.25/turn               d - ring of resist corrosion
MPRegen 0.11/turn               F - ring of fire

@: on berserk cooldown, slowed, very slow
A: horns 2, retaliatory headbutt
a: Renounce Religion, Berserk, Trog's Hand, Brothers in Arms


You were on level 8 of the Dungeon.
You worshipped Trog.
Trog was greatly pleased with you.
You visited 1 branch of the dungeon, and saw 8 of its levels.

You collected 372 gold pieces.

Inventory:

Hand Weapons
 q - a +0 war axe (weapon)
Armour
 g - a +0 buckler (worn)
 i - a +0 cloak (worn)
 u - a +0 chain mail (worn)
 w - a +0 pair of boots (worn)
 y - a +0 pair of gloves (worn)
Jewellery
 d - a ring of resist corrosion (left hand)
 A - a ring of ice
 F - a ring of fire (right hand)
Wands
 G - a wand of iceblast (8) (quivered)
Scrolls
 a - 2 scrolls of teleportation {unknown}
 b - 2 scrolls of blinking {unknown}
 h - 5 scrolls of identify {unknown}
 j - 2 scrolls of magic mapping {unknown}
 k - 2 scrolls of enchant weapon {unknown}
 m - a scroll of torment {unknown}
 o - a scroll of enchant armour {unknown}
 p - 2 scrolls of silence {unknown}
 r - 4 scrolls of noise {unknown}
 B - a scroll of immolation {unknown}
 C - a scroll of brand weapon {unknown}
 D - a scroll of vulnerability {unknown}
Potions
 c - 3 potions of heal wounds {unknown}
 e - 2 potions of curing
 f - 3 potions of magic
 l - a potion of ambrosia {unknown}
 n - 2 potions of degeneration {unknown}
 s - a potion of attraction {unknown}
 t - 2 potions of might {unknown}
 v - a potion of haste {unknown}
 x - 2 potions of resistance {unknown}
 z - a potion of mutation {unknown}
 E - a potion of cancellation {unknown}


   Skills:
 + Level 10.6 Fighting
 + Level 13.7 Axes
 + Level 9.4 Armour
 + Level 4.4 Dodging
 + Level 1.1 Stealth
 + Level 4.7 Shields
 + Level 0.2 Evocations


You had 9 spell levels left.
You didn't know any spells.
Your spell library was empty.

Dungeon Overview and Level Annotations

Branches:
Dungeon (8/15)             Temple (0/1) D:5
   Lair: D:8-11

Altars:
Wu Jian

Shops:
D:1 !


Innate Abilities, Weirdness & Mutations

You have a pair of horns on your head.
You reflexively headbutt those who attack you in melee.


Message History

* * * LOW HITPOINT WARNING * * *
The ten-headed hydra bites you.
* * * LOW HITPOINT WARNING * * *
The ten-headed hydra bites you but does no damage.
The ten-headed hydra barely misses you.
The ten-headed hydra closely misses you.
The ten-headed hydra bites you.
* * * LOW HITPOINT WARNING * * *
The ten-headed hydra barely misses you.
You lop one of the ten-headed hydra's heads off!
The nine-headed hydra grows two more!
You slice the 11-headed hydra!!
The 11-headed hydra is severely wounded.
Unknown command.
You chop one of the 11-headed hydra's heads off!
The ten-headed hydra grows two more!
You slash the 12-headed hydra!
The 12-headed hydra is severely wounded.
The 12-headed hydra completely misses you.
You block the 12-headed hydra's attack.
The 12-headed hydra bites you but does no damage.
The 12-headed hydra bites you.
* * * LOW HITPOINT WARNING * * *
The 12-headed hydra bites you!
* * * LOW HITPOINT WARNING * * *
The 12-headed hydra bites you but does no damage.
The 12-headed hydra bites you!
* * * LOW HITPOINT WARNING * * *
The 12-headed hydra bites you.
* * * LOW HITPOINT WARNING * * *
The 12-headed hydra barely misses you. x2
The 12-headed hydra completely misses you.
The 12-headed hydra barely misses you.
You feel a strong urge to attack something.
You see here an ugly thing corpse.
You feel your anger nearly subside.
You are no longer berserk.
You are exhausted.
You feel yourself slow down.
The 12-headed hydra bites you but does no damage.
The 12-headed hydra completely misses you.
The 12-headed hydra bites you.
You die...

.#.#.#.#.###....#..)...#.........
##.##..#.................#####.##
..⌠...⌠#.........##.......# #.##
##.####..........#...##.#.# #..#
.#...##.......############# ##.#
.....##.......#...#...#...# #.#
...#..........#...'...#...# #.#
...#.##.......#.†D#...#... ##.#
.#.#.##.......##@#######'## #...
##.#.##.......#...#$.!#...####.8#
##...#.>......#...'...#..)'.##.#[
.......########...#".[#...#.#..8#
.......# ##'#######'##......
.<.....# #..)#...#...###....
.......# #..)'...'...# #....
.......# #...#...#...# #....
.......# ############# #....


You could see a 12-headed hydra.

Vanquished Creatures
  2 centaur warriors (D:8)
  A wizard (D:8)
  An ugly thing (D:8)
  A manticore (D:8)
  Psyche (D:8)
  4 slime creatures (D:7)
  A steam dragon (D:4)
  2 wraiths (D:8)
  6 yaks (D:7)
  A vampire mosquito (D:8)
  Menkaure (D:4)
  3 water moccasins
  An ice beast (D:6)
  A black bear (D:8)
  An orc warrior (D:8)
  A sky beast (D:5)
  2 centaurs (D:7)
  A phantom (D:4)
  2 bullfrogs
  4 kobold brigands
  3 scorpions
  3 killer bees
  2 howler monkeys (D:6)
  A bullfrog zombie (D:6)
  2 centaur zombies
  3 hounds
  A jelly (D:4)
  An orc priest (D:7)
  A centaur skeleton (D:7)
  3 iguanas
  3 orc wizards
  2 hound skeletons (D:5)
  A howler monkey zombie (D:8)
  6 adders
  3 gnolls (D:3)
  2 howler monkey skeletons
  A white imp (D:8)
  An ufetubus (D:6)
  2 worms
  4 dart slugs
  16 orcs
  3 bats
  4 endoplasms
  7 giant cockroaches
  5 goblins
  5 hobgoblins
  7 jackals
  12 kobolds
  9 quokkas
  3 ball pythons
  4 frilled lizards
  3 rats
160 creatures vanquished.

Notes
Turn   | Place    | Note
-------+----------+-------------------------------------------
     0 | D:1      | cbfl8 the Minotaur Berserker began the quest for the Orb.
     0 | D:1      | Reached XP level 1. HP: 19/19 MP: 0/0
   119 | D:1      | Found Wyxuckoz's Distillery.
   275 | D:1      | Reached XP level 2. HP: 27/27 MP: 1/1
   295 | D:1      | Reached skill level 4 in Axes
   862 | D:1      | Reached XP level 3. HP: 17/33 MP: 2/2
  1716 | D:2      | Reached ** piety under Trog
  1763 | D:2      | Identified the +2 robe "Zuhauj" {rCorr}
  1796 | D:2      | Reached XP level 4. HP: 40/41 MP: 3/3
  1952 | D:2      | Found a faded altar of an unknown god.
  2465 | D:3      | Reached skill level 5 in Axes
  2495 | D:3      | Reached XP level 5. HP: 13/47 MP: 4/4
  3393 | D:4      | Noticed Menkaure
  3393 | D:4      | Noticed a steam dragon
  3399 | D:4      | Killed a steam dragon
  3400 | D:4      | Reached skill level 5 in Fighting
  3400 | D:4      | Reached skill level 6 in Axes
  3400 | D:4      | Reached XP level 6. HP: 56/56 MP: 5/5
  3401 | D:4      | Killed Menkaure
  3402 | D:4      | Reached skill level 7 in Axes
  3496 | D:4      | Reached *** piety under Trog
  3552 | D:4      | Reached XP level 7. HP: 46/61 MP: 6/6
  3768 | D:4      | Identified the +3 leather armour "Xabius" {Str+2}
  4376 | D:5      | Entered Level 5 of the Dungeon
  4439 | D:5      | Reached skill level 1 in Shields
  4738 | D:5      | Reached skill level 5 in Armour
  4766 | D:5      | Found a staircase to the Ecumenical Temple.
  4833 | D:5      | Reached skill level 8 in Axes
  5222 | D:5      | Reached XP level 8. HP: 26/71 MP: 7/7
  5922 | D:6      | Reached skill level 9 in Axes
  6650 | D:7      | Reached skill level 10 in Axes
  6650 | D:7      | Reached XP level 9. HP: 67/81 MP: 8/8
  6673 | D:7      | Reached **** piety under Trog
  6964 | D:7      | Reached skill level 11 in Axes
  7402 | D:7      | Reached skill level 12 in Axes
  7406 | D:7      | Reached XP level 10. HP: 46/91 MP: 9/9
  8063 | D:8      | Noticed Psyche
  8084 | D:8      | Killed Psyche
  8493 | D:8      | Found an ornate altar of the Wu Jian Council.
  8740 | D:8      | Reached skill level 1 in Stealth
  8830 | D:8      | Noticed a wizard
  8830 | D:8      | Noticed a manticore
  8833 | D:8      | Noticed a centaur warrior
  8837 | D:8      | Killed a manticore
  8838 | D:8      | Reached skill level 13 in Axes
  8842 | D:8      | Killed a centaur warrior
  8845 | D:8      | Reached skill level 10 in Fighting
  9053 | D:8      | Noticed a centaur warrior
  9063 | D:8      | Killed a centaur warrior
  9235 | D:8      | Killed a wizard
  9294 | D:8      | Noticed a purple ugly thing
  9300 | D:8      | Killed a purple ugly thing
  9338 | D:8      | Noticed a five-headed hydra
  9349 | D:8      | HP: 3/141 [12-headed hydra (9)]
  9349 | D:8      | HP: 1/141 [12-headed hydra (2)]
  9353 | D:8      | Slain by a 12-headed hydra

Illustrated notes

Levels and vault maps discovered:
D:1:      kilobyte_arrival_exit_the_forest, layout_rooms, serial_shops, shop,
          hangedman_abyss_or_decor_lesser_grid
D:2:      layout_rooms, chequers_ecumenical_altar_twisty,
          grunt_decor_mini_mirrors
D:3:      layout_loops_ring, minmay_fractal_squares_5
D:4:      layout_loops_ring, nicolae_zen_rock_garden, kennysheep_boxes,
          uniq_menkaure
D:5:      layout_basic, minmay_temple_entry_arrows
D:6:      layout_basic, minmay_unpleasant_kobolds
D:7:      layout_gridville
D:8:      layout_rooms, pdpol_wu_jian_five_deadly_venoms,
          hangedman_decor_clover_reticule, grunt_ministairs_2,
          minmay_statues_item, roderic_three_in_a_row, minmay_evil_grid,
          uniq_psyche

Skill      XL: |  1  2  3  4  5  6  7  8  9 10 |
---------------+-------------------------------+-----
Axes           | 4 5 6 7 8 10 12 13 | 13.7
Fighting       | 4 5 6 8 9 10 | 10.6
Armour         | 3 4 5 6 8 9 |  9.4
Dodging        | 3 4 |  4.4
Shields        | 1 2 3 4 |  4.7
Stealth        | 1 |  1.1
Evocations     | |  0.2

Action                   |  1- 3 |  4- 6 |  7- 9 | 10-12 || total
-------------------------+-------+-------+-------+-------++-------
Melee: Hand axe          |    84 |    54 |       |       ||   138
       Headbutt          |     9 |    17 |    33 |    19 ||    78
       War axe           |       |    42 |   189 |    92 ||   323
Invok: Berserk           |       |     1 |     2 |     4 ||     7
Evoke: Wand              |       |       |       |     1 ||     1
  Use: Potion            |       |       |     3 |       ||     3
Armor: Animal skin       |    17 |       |       |       ||    17
       Ring mail         |    14 |     5 |       |       ||    19
       Scale mail        |       |    23 |       |       ||    23
       Chain mail        |       |    16 |   120 |    65 ||   201
       Skin              |       |       |       |    13 ||    13
Dodge: Dodged            |    46 |    43 |    96 |    34 ||   219
Block: Buckler           |     1 |     9 |    47 |    23 ||    80
